| TOP OF THE 1ST |
|
Grand Junction Rockies batting - Pitching for Bristol Pirates : LHP Alfredo Carranza
|
|
Pitching: LHP Alfredo Carranza
|
|
|
Batting: RHB Juan Figueroa
|
0-0: Swinging Strike 0-1: Swinging Strike 0-2: Strikes out swinging
|
|
Batting: LHB Luke Coulter
|
0-0: Foul Ball, location: 2F 0-1: Ball 1-1: Ball 2-1: Foul Ball, location: 2F 2-2: Strikes out looking
|
|
Batting: RHB John Boyer
|
0-0: Called Strike 0-1: Swinging Strike 0-2: Ball 1-2: Ball 2-2: Strikes out swinging
|
| Top of the 1st over - 0 runs, 0 hits, 0 errors, 0 left on base; Grand Junction 0 - Bristol 0 |
| BOTTOM OF THE 1ST |
|
Bristol Pirates batting - Pitching for Grand Junction Rockies : RHP Jerry Dunne
|
|
Pitching: RHP Jerry Dunne
|
|
|
Batting: SHB Don Hauk
|
0-0: Ball 1-0: SINGLE (Flyball, 9LS, EV 95.0 MPH)
|
|
Batting: LHB Randy Boone
|
0-0: Ball 1-0: Ball 2-0: Ball 3-0: Called Strike 3-1: Called Strike 3-2: Ground out 4-3 (Groundball, 4, EV 96.2 MPH) Don Hauk to second
|
|
Batting: RHB Randy Bergman
|
0-0: Called Strike 0-1: Ball 1-1: Fly out, F8 (Flyball, 8RM, EV 91.2 MPH)
|
|
Batting: SHB Ronnie Brooks
|
0-0: Called Strike 0-1: Ground out 6-3 (Groundball, 6D, EV 87.5 MPH)
|
| Bottom of the 1st over - 0 runs, 1 hit, 0 errors, 1 left on base; Grand Junction 0 - Bristol 0 |
| TOP OF THE 2ND |
|
Grand Junction Rockies batting - Pitching for Bristol Pirates : LHP Alfredo Carranza
|
|
Batting: RHB Jerry Edmiston
|
0-0: SOLO HOME RUN (Flyball, 7LD, EV 93.1 MPH), Distance : 356 ft
|
|
Batting: LHB Jason Ryan
|
0-0: Ball 1-0: Ball 2-0: Called Strike 2-1: Foul Ball, location: 2F 2-2: Ball 3-2: Foul Ball, location: 2F 3-2: Foul Ball, location: 2F 3-2: Fly out, F7 (Flyball, 7, EV 93.1 MPH)
|
|
Pitching: RHP Onne Stubbe
|
|
|
Batting: RHB Ray Insley
|
0-0: Ball 1-0: Foul Ball, location: 2F 1-1: Called Strike 1-2: Ground out 6-3 (Groundball, 6, EV 89.4 MPH)
|
|
Batting: SHB Jamie Mims
|
0-0: Ball 1-0: Ball 2-0: Ground out 4-3 (Groundball, 4, EV 90.0 MPH)
|
| Top of the 2nd over - 1 run, 1 hit, 0 errors, 0 left on base; Grand Junction 1 - Bristol 0 |
| BOTTOM OF THE 2ND |
|
Bristol Pirates batting - Pitching for Grand Junction Rockies : RHP Jerry Dunne
|
|
Batting: RHB Pete Hutton
|
0-0: Called Strike 0-1: Foul Ball, location: 2F 0-2: Ball 1-2: Foul Ball, location: 2F 1-2: Ball 2-2: Fly out, F9 (Line Drive, 9S, EV 94.4 MPH)
|
|
Batting: RHB Steve Terres
|
0-0: Ball 1-0: Fly out, F9 (Flyball, 89M, EV 83.8 MPH)
|
|
Batting: RHB Frank Elizondo
|
0-0: Ball 1-0: Ball 2-0: Ground out 6-3 (Groundball, 6, EV 88.1 MPH)
|
| Bottom of the 2nd over - 0 runs, 0 hits, 0 errors, 0 left on base; Grand Junction 1 - Bristol 0 |
| TOP OF THE 3RD |
|
Grand Junction Rockies batting - Pitching for Bristol Pirates : RHP Onne Stubbe
|
|
Batting: RHB Willie Benito
|
0-0: Ground out 6-3 (Groundball, 6, EV 108.8 MPH)
|
|
Batting: LHB Michael Krott
|
0-0: Called Strike 0-1: Foul Ball, location: 2F 0-2: Ball 1-2: Foul Ball, location: 2F 1-2: Ball 2-2: Foul Ball, location: 2F 2-2: Foul Ball, location: 2F 2-2: SOLO HOME RUN (Flyball, 89XD, EV 98.1 MPH), Distance : 380 ft
|
|
Batting: RHB Juan Figueroa
|
0-0: Ball 1-0: Ball 2-0: Ball 3-0: Called Strike 3-1: Foul Ball, location: 2F 3-2: Base on Balls
|
|
Batting: LHB Luke Coulter
|
0-0: Ball 1-0: Called Strike Juan Figueroa steals 2nd base 1-1: TRIPLE (Line Drive, 78XD, EV 108.1 MPH) Juan Figueroa scores
|
|
Batting: RHB John Boyer
|
0-0: Called Strike 0-1: Ball 1-1: Fly out, F3 (Popup, 3S, EV 84.4 MPH)
|
|
Batting: RHB Jerry Edmiston
|
0-0: Ground out 4-3 (Groundball, 34, EV 100.0 MPH)
|
| Top of the 3rd over - 2 runs, 2 hits, 0 errors, 1 left on base; Grand Junction 3 - Bristol 0 |
| BOTTOM OF THE 3RD |
|
Bristol Pirates batting - Pitching for Grand Junction Rockies : RHP Jerry Dunne
|
|
Batting: RHB Alain Marquet
|
0-0: Ball 1-0: Called Strike 1-1: Fly out, F8 (Flyball, 89D, EV 98.8 MPH)
|
|
Batting: RHB Rob Colley
|
0-0: Swinging Strike 0-1: Ball 1-1: Ball 2-1: Foul Ball, location: 2F 2-2: Strikes out swinging
|
|
Batting: SHB Don Hauk
|
0-0: SINGLE (Groundball, 56D, EV 101.9 MPH)
|
|
Batting: LHB Randy Boone
|
0-0: Ball 1-0: Called Strike 1-1: Foul Ball, location: 2F 1-2: Ball 2-2: Foul Ball, location: 2F 2-2: Ball 3-2: Base on Balls Don Hauk to second
|
|
Batting: RHB Randy Bergman
|
0-0: Called Strike 0-1: Swinging Strike 0-2: Ball 1-2: Ball 2-2: Strikes out swinging
|
| Bottom of the 3rd over - 0 runs, 1 hit, 0 errors, 2 left on base; Grand Junction 3 - Bristol 0 |
| TOP OF THE 4TH |
|
Grand Junction Rockies batting - Pitching for Bristol Pirates : RHP Onne Stubbe
|
|
Batting: LHB Jason Ryan
|
0-0: Called Strike 0-1: Ball 1-1: Ball 2-1: Called Strike 2-2: Ball 3-2: DOUBLE (Flyball, 8LXD, EV 93.8 MPH)
|
|
Batting: RHB Ray Insley
|
0-0: Called Strike 0-1: Ball 1-1: Fly out, F7 (Flyball, 7S, EV 88.8 MPH)
|
|
Batting: SHB Jamie Mims
|
0-0: Ball 1-0: Ball 2-0: Foul Ball, location: 2F 2-1: Ball 3-1: Fly out, F9 (Flyball, 89M, EV 88.1 MPH)
|
|
Batting: RHB Willie Benito
|
0-0: Ball 1-0: Fly out, F6 (Line Drive, 6, EV 63.8 MPH)
|
| Top of the 4th over - 0 runs, 1 hit, 0 errors, 1 left on base; Grand Junction 3 - Bristol 0 |
| BOTTOM OF THE 4TH |
|
Bristol Pirates batting - Pitching for Grand Junction Rockies : RHP Jerry Dunne
|
|
Batting: SHB Ronnie Brooks
|
0-0: Called Strike 0-1: Ball 1-1: Ground out 4-3 (Groundball, 4D, EV 86.9 MPH)
|
|
Batting: RHB Pete Hutton
|
0-0: Foul Ball, location: 2F 0-1: Ball 1-1: Ball 2-1: Ball 3-1: Base on Balls
|
|
Batting: RHB Steve Terres
|
0-0: Ball Pete Hutton steals 2nd base (no throw) 1-0: Ball 2-0: Ball Pete Hutton steals 3rd base 3-0: Base on Balls
|
|
Batting: RHB Frank Elizondo
|
0-0: Ball 1-0: Ball 2-0: Ball 3-0: Base on Balls Steve Terres to second
|
|
Batting: RHB Alain Marquet
|
0-0: Ball 1-0: Called Strike 1-1: Swinging Strike 1-2: Ball 2-2: Strikes out swinging
|
|
Batting: RHB Rob Colley
|
0-0: Called Strike 0-1: Ball 1-1: Foul Ball, location: 2F 1-2: Ball 2-2: Ball 3-2: Strikes out swinging
|
| Bottom of the 4th over - 0 runs, 0 hits, 0 errors, 3 left on base; Grand Junction 3 - Bristol 0 |
| TOP OF THE 5TH |
|
Grand Junction Rockies batting - Pitching for Bristol Pirates : RHP Onne Stubbe
|
|
Batting: LHB Michael Krott
|
0-0: Called Strike 0-1: Ball 1-1: Ball 2-1: Swinging Strike 2-2: Ball 3-2: SOLO HOME RUN (Flyball, 7D, EV 97.5 MPH), Distance : 370 ft
|
|
Batting: RHB Juan Figueroa
|
0-0: Foul Ball, location: 2F 0-1: Ball 1-1: Foul Ball, location: 2F 1-2: Ball 2-2: SINGLE (Line Drive, 9LS, EV 100.0 MPH)
|
|
Batting: LHB Luke Coulter
|
0-0: Ball 1-0: Called Strike 1-1: Ball 2-1: Ball Juan Figueroa steals 2nd base (no throw) 3-1: Base on Balls
|
|
Pitching: RHP Andrew DeRicco
|
|
|
Batting: RHB John Boyer
|
0-0: Called Strike 0-1: Called Strike 0-2: Fly out, F9 (Flyball, 9, EV 75.0 MPH)
|
|
Batting: RHB Jerry Edmiston
|
0-0: Ball Juan Figueroa steals 3rd base 1-0: Called Strike 1-1: Called Strike 1-2: Grounds into double play, 6-4-3 (Groundball, 6, EV 79.4 MPH)
|
| Top of the 5th over - 1 run, 2 hits, 0 errors, 1 left on base; Grand Junction 4 - Bristol 0 |
| BOTTOM OF THE 5TH |
|
Bristol Pirates batting - Pitching for Grand Junction Rockies : RHP Jerry Dunne
|
|
Batting: SHB Don Hauk
|
0-0: Ball 1-0: Foul Ball, location: 2F 1-1: Ball 2-1: Fly out, F8 (Flyball, 8LD, EV 101.9 MPH)
|
|
Batting: LHB Randy Boone
|
0-0: Ball 1-0: SINGLE (Line Drive, 9S, EV 103.1 MPH)
|
|
Batting: RHB Randy Bergman
|
0-0: Called Strike 0-1: Foul Ball, location: 2F 0-2: Grounds into double play, 6-4-3 (Groundball, 6, EV 103.8 MPH)
|
| Bottom of the 5th over - 0 runs, 1 hit, 0 errors, 0 left on base; Grand Junction 4 - Bristol 0 |
| TOP OF THE 6TH |
|
Grand Junction Rockies batting - Pitching for Bristol Pirates : RHP Andrew DeRicco
|
|
Batting: LHB Jason Ryan
|
0-0: DOUBLE (Flyball, 9D, EV 98.8 MPH)
|
|
Batting: RHB Ray Insley
|
0-0: Ball 1-0: Ball 2-0: Called Strike 2-1: 2-RUN HOME RUN (Flyball, 9LD, EV 91.9 MPH), Distance : 332 ft
|
|
Batting: SHB Jamie Mims
|
0-0: Called Strike 0-1: Called Strike 0-2: Ground out 6-3 (Groundball, 6M, EV 88.1 MPH)
|
|
Batting: RHB Willie Benito
|
0-0: Called Strike 0-1: Ball 1-1: Foul Ball, location: 2F 1-2: Ball 2-2: Foul Ball, location: 2F 2-2: Foul Ball, location: 2F 2-2: SINGLE (Flyball, 34D, EV 88.1 MPH)
|
|
Batting: LHB Michael Krott
|
0-0: Ball Wild Pitch! Willie Benito to second 1-0: Called Strike 1-1: Foul Ball, location: 2F 1-2: Ball 2-2: 2-RUN HOME RUN (Flyball, 9D, EV 99.4 MPH), Distance : 400 ft
|
|
Batting: RHB Juan Figueroa
|
0-0: Ball 1-0: Ball 2-0: Ball 3-0: Base on Balls
|
|
Batting: LHB Luke Coulter
|
0-0: Called Strike 0-1: Ball 1-1: 2-RUN HOME RUN (Flyball, 9D, EV 98.1 MPH), Distance : 363 ft
|
|
Pitching: RHP Erik Mulligan
|
|
|
Batting: RHB John Boyer
|
0-0: Ball 1-0: Ball 2-0: DOUBLE (Flyball, 89D, EV 100.6 MPH)
|
|
Batting: RHB Jerry Edmiston
|
0-0: Ball 1-0: Ball 2-0: Called Strike 2-1: DOUBLE (Line Drive, 89XD, EV 103.8 MPH) John Boyer scores
|
|
Batting: LHB Jason Ryan
|
0-0: Swinging Strike 0-1: Ball 1-1: DOUBLE (Flyball, 89D, EV 113.1 MPH) Jerry Edmiston scores
|
|
Batting: RHB Ray Insley
|
0-0: Ball 1-0: Ball Wild Pitch! Jason Ryan to third 2-0: Foul Ball, location: 2F 2-1: Ball 3-1: Base on Balls
|
|
Batting: SHB Jamie Mims
|
0-0: Ball 1-0: Fly out, F8 (Flyball, 8LD, EV 81.9 MPH) Runner from 3rd tags up, SCORES, throw by CF
|
|
Batting: RHB Willie Benito
|
0-0: Ball 1-0: Ball 2-0: Foul Ball, location: 2F 2-1: Ball 3-1: SINGLE (Line Drive, 7S, EV 100.6 MPH) Ray Insley to second
|
|
Pitching: RHP Jerry Spitler
|
|
|
Batting: LHB Michael Krott
|
0-0: Called Strike 0-1: Foul Ball, location: 2F 0-2: Ball 1-2: Strikes out swinging
|
| Top of the 6th over - 9 runs, 9 hits, 0 errors, 2 left on base; Grand Junction 13 - Bristol 0 |
| BOTTOM OF THE 6TH |
|
Bristol Pirates batting - Pitching for Grand Junction Rockies : RHP Jerry Dunne
|
|
Batting: SHB Ronnie Brooks
|
0-0: Called Strike 0-1: Ground out 5-3 (Groundball, 56, EV 79.4 MPH)
|
|
Batting: RHB Pete Hutton
|
0-0: Swinging Strike 0-1: Ball 1-1: Foul Ball, location: 2F 1-2: Fly out, F8 (Line Drive, 8RS, EV 95.6 MPH)
|
|
Batting: RHB Steve Terres
|
0-0: Ball 1-0: Ground out 5-3 (Groundball, 56S, EV 72.5 MPH)
|
| Bottom of the 6th over - 0 runs, 0 hits, 0 errors, 0 left on base; Grand Junction 13 - Bristol 0 |
| TOP OF THE 7TH |
|
Grand Junction Rockies batting - Pitching for Bristol Pirates : RHP Jerry Spitler
|
|
Batting: RHB Juan Figueroa
|
0-0: Ball 1-0: Ball 2-0: Foul Ball, location: 2F 2-1: Foul Ball, location: 2F 2-2: Foul Ball, location: 2F 2-2: Ball 3-2: Strikes out swinging, 2-3 out at first.
|
|
Batting: LHB Luke Coulter
|
0-0: Foul Ball, location: 2F 0-1: SINGLE (Groundball, 56S, EV 70.6 MPH) (infield hit)
|
|
Batting: RHB John Boyer
|
0-0: Ball 1-0: Ball 2-0: Ball 3-0: Called Strike 3-1: Base on Balls Luke Coulter to second
|
|
Pitching: LHP Adam Clarke
|
|
|
Batting: RHB Jerry Edmiston
|
0-0: Ground out 4-3 (Groundball, 4MD, EV 99.4 MPH) Luke Coulter to third John Boyer to second
|
|
Batting: LHB Jason Ryan
|
0-0: Ball 1-0: Ball 2-0: Ball 3-0: Base on Balls
|
|
Batting: RHB Ray Insley
|
0-0: Called Strike 0-1: Ball 1-1: DOUBLE (Line Drive, 8LXD, EV 106.2 MPH) Luke Coulter scores John Boyer scores Jason Ryan to third
|
|
Pinch Hitting: RHB Andy Rayer
|
0-0: Foul Ball, location: 2F 0-1: Ball 1-1: Ball 2-1: 3-RUN HOME RUN (Line Drive, 7LD, EV 93.1 MPH), Distance : 356 ft
|
|
Pinch Hitting: RHB Brent Montagano
|
0-0: Ball 1-0: SOLO HOME RUN (Line Drive, 7D, EV 108.8 MPH), Distance : 401 ft
|
|
Pitching: RHP Otok Barleyfoot
|
|
|
Batting: LHB Michael Krott
|
0-0: Called Strike 0-1: Swinging Strike 0-2: Ball 1-2: Strikes out swinging
|
| Top of the 7th over - 6 runs, 4 hits, 0 errors, 0 left on base; Grand Junction 19 - Bristol 0 |
| BOTTOM OF THE 7TH |
|
Bristol Pirates batting - Pitching for Grand Junction Rockies : RHP Jerry Dunne
|
|
Pitching: RHP Lorenzo Pacheco
|
|
|
Now at 2B: Andy Rayer
|
|
|
Now at SS: Brent Montagano
|
|
|
Batting: RHB Frank Elizondo
|
0-0: Ball 1-0: Swinging Strike 1-1: Swinging Strike 1-2: Ball 2-2: Ball 3-2: Base on Balls
|
|
Batting: RHB Alain Marquet
|
0-0: Called Strike 0-1: Called Strike 0-2: Fly out, F4 (Popup, 4, EV 49.4 MPH)
|
|
Batting: RHB Rob Colley
|
0-0: Foul Ball, location: 2F 0-1: Called Strike 0-2: Strikes out swinging
|
|
Batting: SHB Don Hauk
|
0-0: Ball 1-0: Ball 2-0: Ground out 4-3 (Groundball, 4, EV 78.1 MPH)
|
| Bottom of the 7th over - 0 runs, 0 hits, 0 errors, 1 left on base; Grand Junction 19 - Bristol 0 |
| TOP OF THE 8TH |
|
Grand Junction Rockies batting - Pitching for Bristol Pirates : RHP Otok Barleyfoot
|
|
Batting: RHB Juan Figueroa
|
0-0: Called Strike 0-1: Ball 1-1: Ball 2-1: Foul Ball, location: 2F 2-2: Ball 3-2: Foul Ball, location: 2F 3-2: DOUBLE (Line Drive, 89D, EV 103.8 MPH)
|
|
Batting: LHB Luke Coulter
|
0-0: Fly out, F6 (Popup, 15, EV 71.9 MPH)
|
|
Batting: RHB John Boyer
|
0-0: Called Strike 0-1: Hit by Pitch
|
|
Batting: RHB Jerry Edmiston
|
0-0: Ball 1-0: SINGLE (Line Drive, 89S, EV 110.6 MPH) Juan Figueroa to third John Boyer to second Runner from 3rd tries for Home, SAFE, throw by RF to home
|
|
Batting: LHB Jason Ryan
|
0-0: Fly out, F8 (Flyball, 78D, EV 86.9 MPH)
|
|
Batting: RHB Ray Insley
|
0-0: Ball 1-0: Ball Passed Ball! John Boyer to third Jerry Edmiston to second 2-0: Called Strike 2-1: SINGLE (Flyball, 89S, EV 87.5 MPH) John Boyer scores Jerry Edmiston to third Runner from 3rd tries for Home, SAFE, throw by RF to home
|
|
Pitching: RHP Randy Nelligan
|
|
|
Batting: RHB Andy Rayer
|
0-0: Called Strike 0-1: Foul Ball, location: 2F 0-2: Strikes out swinging
|
| Top of the 8th over - 3 runs, 3 hits, 0 errors, 1 left on base; Grand Junction 22 - Bristol 0 |
| BOTTOM OF THE 8TH |
|
Bristol Pirates batting - Pitching for Grand Junction Rockies : RHP Lorenzo Pacheco
|
|
Batting: LHB Randy Boone
|
0-0: Ball 1-0: Called Strike 1-1: Ground out 4-3 (Groundball, 4, EV 85.0 MPH)
|
|
Pitching: RHP Manny Lebron
|
|
|
Batting: RHB Randy Bergman
|
0-0: SINGLE (Flyball, 89S, EV 96.2 MPH)
|
|
Batting: SHB Ronnie Brooks
|
0-0: Called Strike 0-1: Swinging Strike 0-2: Ball 1-2: Ball 2-2: Ball 3-2: Base on Balls Randy Bergman to second
|
|
Batting: RHB Pete Hutton
|
0-0: Called Strike 0-1: Ball 1-1: Foul Ball, location: 2F 1-2: Strikes out swinging
|
|
Batting: RHB Steve Terres
|
0-0: Ball 1-0: Foul Ball, location: 2F 1-1: Foul Ball, location: 2F 1-2: Strikes out swinging
|
| Bottom of the 8th over - 0 runs, 1 hit, 0 errors, 2 left on base; Grand Junction 22 - Bristol 0 |
| TOP OF THE 9TH |
|
Grand Junction Rockies batting - Pitching for Bristol Pirates : RHP Randy Nelligan
|
|
Batting: RHB Brent Montagano
|
0-0: Foul Ball, location: 2F 0-1: Ball 1-1: Foul Ball, location: 2F 1-2: Ball 2-2: Hit by Pitch
|
|
Batting: LHB Michael Krott
|
0-0: Foul Ball, location: 2F 0-1: Foul Ball, location: 2F 0-2: Foul Ball, location: 2F 0-2: Strikes out looking
|
|
Batting: RHB Juan Figueroa
|
0-0: Ball 1-0: Called Strike 1-1: Ball 2-1: Ball 3-1: Base on Balls Brent Montagano to second
|
|
Batting: LHB Luke Coulter
|
0-0: Foul Ball, location: 2F 0-1: Ball 1-1: SINGLE (Groundball, 6MD, EV 104.4 MPH) (infield hit) Brent Montagano to third Juan Figueroa to second
|
|
Batting: RHB John Boyer
|
0-0: Called Strike 0-1: Ball 1-1: Ball 2-1: Swinging Strike 2-2: Ball 3-2: Foul Ball, location: 2F 3-2: Base on Balls Brent Montagano scores Juan Figueroa to third Luke Coulter to second
|
|
Batting: RHB Jerry Edmiston
|
0-0: GRAND SLAM HOME RUN (Flyball, 9LD, EV 91.9 MPH), Distance : 326 ft
|
|
Batting: LHB Jason Ryan
|
0-0: Called Strike 0-1: Ball 1-1: Called Strike 1-2: Foul Ball, location: 2F 1-2: Foul Ball, location: 2F 1-2: Strikes out looking
|
|
Batting: RHB Ray Insley
|
0-0: Ball 1-0: Foul Ball, location: 2F 1-1: Ball 2-1: Ball 3-1: Base on Balls
|
|
Batting: RHB Andy Rayer
|
0-0: Swinging Strike 0-1: Ball 1-1: Called Strike 1-2: Foul Ball, location: 2F 1-2: Foul Ball, location: 2F 1-2: Ball 2-2: SINGLE (Groundball, 34S, EV 95.6 MPH) Ray Insley to second Runner from 2nd tries for 3rd, SAFE, throw by RF made to third
|
|
Batting: RHB Brent Montagano
|
0-0: Hit by Pitch Andy Rayer to second
|
|
Batting: LHB Michael Krott
|
0-0: Called Strike 0-1: GRAND SLAM HOME RUN (Flyball, 9D, EV 91.9 MPH), Distance : 360 ft
|
|
Batting: RHB Juan Figueroa
|
0-0: Fly out, F8 (Flyball, 8LD, EV 100.0 MPH)
|
| Top of the 9th over - 9 runs, 4 hits, 0 errors, 0 left on base; Grand Junction 31 - Bristol 0 |
| BOTTOM OF THE 9TH |
|
Bristol Pirates batting - Pitching for Grand Junction Rockies : RHP Manny Lebron
|
|
Batting: RHB Frank Elizondo
|
0-0: Called Strike 0-1: Ball 1-1: Foul Ball, location: 2F 1-2: Strikes out swinging
|
|
Pitching: RHP Josh Blaschke
|
|
|
Batting: RHB Alain Marquet
|
0-0: Ball 1-0: Ball 2-0: Ball 3-0: Called Strike 3-1: Base on Balls
|
|
Batting: RHB Rob Colley
|
0-0: Ball 1-0: Called Strike 1-1: TRIPLE (Flyball, 9LD, EV 113.8 MPH) Alain Marquet scores
|
|
Batting: SHB Don Hauk
|
0-0: SINGLE (Groundball, 34D, EV 102.5 MPH) Rob Colley scores
|
|
Batting: LHB Randy Boone
|
0-0: Fielders Choice at 2nd, 6-4 (Groundball, 6, EV 80.6 MPH)
|
|
Batting: RHB Randy Bergman
|
0-0: Ball 1-0: Ball 2-0: Ball 3-0: Called Strike 3-1: Called Strike 3-2: Base on Balls Randy Boone to second
|
|
Batting: SHB Ronnie Brooks
|
0-0: Ball 1-0: Ball 2-0: Called Strike 2-1: Ball 3-1: Fly out, F8 (Flyball, 8RM, EV 77.5 MPH)
|
| Bottom of the 9th over - 2 runs, 2 hits, 0 errors, 2 left on base; Grand Junction 31 - Bristol 2 |
|